 Dungeon Crawl Stone Soup version 0.32-a0-391-gce5c0aab1b (webtiles) character file.

Game seed: 4531660258919488438

7 Bravepunisher the Changeling (level 1, -3/10 HPs)
             Began as a Spriggan Shapeshifter on Feb 19, 2024.
             Slain by an orc priest
             ... wielding a +0 club
              (5 damage)
             ... on level 4 of the Dungeon.
             The game lasted 00:02:11 (507 turns).

Bravepunisher the Changeling (Spriggan Shapeshifter) Turns: 507, Time: 00:02:12

Health: -3/10      AC:  2    Str: 10    XL:     1   Next: 83%
Magic:  2/2        EV: 17    Int: 11    God:
Gold:   24         SH:  0    Dex: 14    Spells: 0/0 levels left

rFire   . .          .
                       - Unarmed
rCold   . . .        (no shield)
rNeg    . . .        a - +0 animal skin
rPois   .            (helmet currently unavailable)
rElec   .            (cloak currently unavailable)
rCorr   .            (gloves unavailable)
SInv    +            (boots unavailable)
Will    .....        (no amulet)
Stlth   +            (no ring)
HPRegen 0.21/turn    (no ring)
MPRegen 0.08/turn

%: no passive effects
@: beast-form, very quick
A: beast (slay +2), very small, no large weapons, unfitting armour, see
invisible, speed 3
a: Begin Untransformation, Convert to Beogh


You were on level 4 of the Dungeon.
You were a hulking beast.
You visited 1 branch of the dungeon, and saw 4 of its levels.

You collected 24 gold pieces.

Inventory:

Armour
 a - a +0 animal skin (worn)
Talismans
 c - a beast talisman (active)
 d - a flux talisman
Scrolls
 g - a scroll of immolation {unknown}
 h - a scroll of teleportation {unknown}
 j - a scroll of fog {unknown}
Potions
 b - a potion of lignification
 e - 2 potions of heal wounds {unknown}
 f - a potion of enlightenment {unknown}
 i - a potion of brilliance {unknown}


   Skills:
 * Level 1.1 Fighting
 + Level 2.8 Dodging
 * Level 2.5 Unarmed Combat
 + Level 4.1 Shapeshifting


You couldn't memorise any spells.
You didn't know any spells.
Your spell library contained the following spells:

 Spells                   Type           Power      Damage    Failure   Level
 Freeze                   Ice            0%         1d3       34%         1
 Frozen Ramparts          Ice            0%         1d1       71%         3
 Hailstorm                Conj/Ice       0%         3d5       71%         3


Dungeon Overview and Level Annotations

Branches:
Dungeon (4/15)
 Temple: D:4-7

Altars:

Shops:
D:4 [

Portals:
Sewer: D:4


Innate Abilities, Weirdness & Mutations

You are a hulking beast.
Your limbs bulge with bestial killing power. (Slay +2)
You are very small and have problems with some larger weapons.
You are too small for most types of armour.
You have supernaturally acute eyesight. (SInv)
You cover ground extremely quickly. (Speed+++)


Message History

Found 10 gold pieces and a leather armour.
You open the door.
A kobold comes into view. It is wielding a +0 dagger.
The kobold shouts!
The kobold throws a stone.
The stone closely misses you.
There is an open door here.
Found 2 poisoned darts.
The kobold closely misses you.
You open the door.
The kobold throws a stone.
The stone hits you.
Found a scroll labelled QEKAIPPAAG.
There is an open door here.
j - a scroll labelled QEKAIPPAAG The kobold throws a stone.
The stone hits you.
A goblin comes into view. It is wielding a +0 club.
You hear the slow rusting of a very distant drain.
The goblin shouts!
The goblin completely misses you.
Found a green potion.
There is an open door here.
An orc comes into view. It is wielding a +0 flail.
A scorpion comes into view.
The orc hits you with a +0 flail.
Ouch! That really hurt!
The orc misses you.
You open the door.
An orc priest comes into view. It is wielding a +0 club.
The orc priest shouts!
You hear a shout! x2
The orc priest threatens, "Beogh's wrath is as vast as their mercy.
Make your choice!" (press Y on the ability menu to convert to Beogh)
An orc comes into view.
It is wielding a +1 flail of holy wrath.
The orc shouts!
The scorpion attacks as it pursues you! The scorpion stings you.
* * * LOW HITPOINT WARNING * * *
The orc priest completely misses you.
There is an open door here.
Unknown command.
An orc comes into view. It is wielding a +0 hand axe.
The orc priest hits you with a +0 club.
Ouch! That really hurt!
You die...

### ##################..
. #........g.......'.. ..
#..........!.....#.. ...
#....o...........#..
....##'###...........#..
......o.s.#...........###
.......o..#....#########.
#####..oh.######.......#.
#.................SK.
#.................g#.
#..................#.
#.[.............K..#.
#.......(.....g....#.
#.....######......###
#.....#....'.S....#
#.....#....#......#


You could see a scorpion, an orc priest and 2 orcs.

Vanquished Creatures
  A giant cockroach (D:3)
  A goblin (D:3)
  2 ball pythons
4 creatures vanquished.

Notes
Turn   | Place    | Note
-------+----------+-------------------------------------------
     0 | D:1      | Bravepunisher the Spriggan Shapeshifter began the quest for
                  | the Orb.
     0 | D:1      | Reached XP level 1. HP: 9/9 MP: 2/2
    90 | D:3      | Found a faded altar of an unknown god.
   206 | D:3      | Reached skill level 1 in Fighting
   356 | D:4      | Found a glowing drain.
   415 | D:4      | Found Buatudgh's Armour Shoppe.
   437 | D:4      | Noticed a bombardier beetle
   492 | D:4      | Noticed a scorpion
   503 | D:4      | Noticed an orc priest
   507 | D:4      | Slain by an orc priest

Illustrated notes

Levels and vault maps discovered:
D:1:      lightli_arrival_chessboard, layout_rooms
D:2:      layout_basic, columned_hall_lemuel, uniq_terence, uniq_jessica
D:3:      layout_basic, shapermc_ecumenical_altar_mp_ritualfount,
          dilly_guarded_unrand_throatcut
D:4:      layout_gridville, portal_sewer_entry_f, serial_shops, shop

Skill      XL: |  1 |
---------------+----+-----
Fighting       | 1 |  1.1
Dodging        | |  2.8
Unarmed Combat | |  2.5
Shapeshifting  | |  4.1

Action                     || total
---------------------------++-------
  Melee: Unarmed           ||    13
 Armour: Animal skin       ||    11
  Dodge: Dodged            ||    20

Table legend: (Time is in decaauts)
 A = Elapsed time spent in this place.
 B = Non-inter-level travel time spent in this place.
 C = Inter-level travel time spent in this place.
 D = Time resting spent in this place.
 E = Time spent auto-exploring this place.
 F = Levels seen in this place.
 G = Mean time per level.
                   A        B        C        D        E       F      G
               +--------+--------+--------+--------+--------+-----+--------+
         Total |    322 |    322 |      0 |      0 |    112 |   4 |   80.5 |
       Dungeon |    322 |    322 |      0 |      0 |    112 |   4 |   80.5 |
               +--------+--------+--------+--------+--------+-----+--------+

Top non-repeatable levels by time:
     D:3: 150 daAuts
     D:4: 116 daAuts
     D:2: 40 daAuts
     D:1: 15 daAuts
